 Dungeon Crawl Stone Soup version 0.19-a0-1035-gdbfb0c6 (webtiles) character file.

110 Deemzul the Chopper (level 4, -5/41 HPs)
             Began as a Hill Orc Fighter on July 29, 2016.
             Slain by Sigmund
             ... wielding a +0 scythe
              (8 damage)
             ... on level 2 of the Dungeon.
             The game lasted 00:01:30 (986 turns).

Deemzul the Chopper (Hill Orc Fighter)               Turns: 986, Time: 00:01:30

Health: -5/41      AC:  7    Str: 19    XL:     4   Next: 91%
Magic:  4/4        EV:  2    Int:  8    God:
Gold:   42         SH:  9    Dex: 10    Spells: 0 memorised, 3 levels left

rFire  . . .     SeeInvis .     a - +0 war axe
rCold  . . .     Gourm    .     b - +0 scale mail
rNeg   . . .     Faith    .     c - +0 shield
rPois  .         Spirit   .     (no helmet)
rElec  .         Dismiss  .     (no cloak)
rCorr  .         Reflect  .     (no gloves)
SustAt .         Harm     .     (no boots)
MR     .....                    (no amulet)
Stlth  ..........               (no ring)
                                (no ring)

@: not resistant to hostile enchantments, extremely unstealthy
A: no striking features
a: no special abilities


You were on level 2 of the Dungeon.
You were hungry.

You visited 1 branch of the dungeon, and saw 2 of its levels.

You collected 42 gold pieces.

Inventory:

Hand Weapons
 a - a +0 war axe (weapon)
Armour
 b - a +0 scale mail (worn)
 c - a +0 shield (worn)
Scrolls
 i - a scroll of blinking {unknown}
Potions
 d - a potion of might
 e - a potion of heal wounds
Comestibles
 f - 2 bread rations
 g - a meat ration


   Skills:
 + Level 4.4 Fighting
 * Level 5.0 Axes
 + Level 4.1 Armour
 - Level 3.2 Shields


You had 3 spell levels left.
You didn't know any spells.

Dungeon Overview and Level Annotations

Branches:
Dungeon (2/15)

Altars:
Ashenzari
Elyvilon
Xom
Yredelemnul

Annotations:
D:2 Sigmund


Message History

A magic dart appears from out of thin air!
The magic dart hits you!
A magic dart appears from out of thin air!
The magic dart hits you!
A goblin comes into view. It is wielding a club.
The goblin shouts!
A magic dart appears from out of thin air!
The magic dart hits you!
* * * LOW HITPOINT WARNING * * *
You block the goblin's attack. The goblin hits you but does no damage.
A magic dart appears from out of thin air!
The magic dart hits you!
* * * LOW HITPOINT WARNING * * *
The goblin closely misses you. Something hits you.
* * * LOW HITPOINT WARNING * * *
There is a stone staircase leading up here.
Something hits you!
You die...

...♣##...######..........##....^.
...♣#.........................)..
..♣##.....##..##.................
♣♣♣#......##.###.........#.w.....
####....>.....##.......).##......
..........###............# #)≈♣..
..........#..............####≈g..
....†..........##...........†♣≈..
..#.##.....)####@..........≈♣P≈..
.##.........()).g........#♣P≈≈...
.###....###'###..........♣♣≈≈P...
.###....# #.# #..÷.......♣♣≈P≈...
....)((.###.###..........♣♣♣≈P≈..
###†)##.'.._..+.........#♣ ≈≈...
#...###.#######..#.....## ≈....
...## #.# ### #..#######
...####.#######.##


You could see a goblin.

Vanquished Creatures
  Robin (D:2)
  4 adders (D:2)
  A worm (D:2)
  A dart slug (D:1)
  2 giant geckos (D:2)
  2 ball pythons
  6 bats
  2 giant cockroaches (D:2)
  12 goblins
  9 hobgoblins
  3 jackals (D:2)
  A quokka (D:2)
  4 kobolds
  5 rats
53 creatures vanquished.

Notes
Turn   | Place    | Note
-------+----------+-------------------------------------------
     0 | D:1      | Deemzul the Hill Orc Fighter began the quest for the Orb.
     0 | D:1      | Reached XP level 1. HP: 19/19 MP: 1/1
   137 | D:1      | Reached skill level 3 in Axes
   208 | D:1      | Reached XP level 2. HP: 27/27 MP: 2/2
   616 | D:2      | Reached skill level 4 in Axes
   616 | D:2      | Reached XP level 3. HP: 28/33 MP: 3/3
   649 | D:2      | Found a shimmering altar of Xom.
   678 | D:2      | Noticed Robin
   699 | D:2      | Killed Robin
   699 | D:2      | Reached XP level 4. HP: 40/40 MP: 4/4
   768 | D:2      | Found a shattered altar of Ashenzari.
   806 | D:2      | Reached skill level 5 in Axes
   861 | D:2      | Found a basalt altar of Yredelemnul.
   913 | D:2      | Found a white marble altar of Elyvilon.
   962 | D:2      | Noticed Sigmund
   986 | D:2      | Slain by Sigmund

Vault maps used:
D:1:      evilmike_arrival_rings
D:2:      kennysheep_ying_yang, lemuel_doored_altar, lemuel_round_altar,
          xom_teletrap_fun, serial_bayou_ford_a, uniq_robin, uniq_sigmund

Skill      XL: |  1  2  3  4 |
---------------+-------------+-----
Axes           | 3 4 5 |  5.0
Fighting       | 4 |  4.4
Armour         | 4 |  4.1
Shields        | |  3.2

Action                   |  1- 3 |  4- 6 || total
-------------------------+-------+-------++-------
Melee: War axe           |    94 |    56 ||   150
  Use: Potion            |     1 |     1 ||     2
Armor: Scale mail        |    56 |    23 ||    79
Dodge: Dodged            |    37 |    21 ||    58
Block: Shield            |    66 |    31 ||    97
